 Dungeon Crawl Stone Soup version 0.31-a0-145-g046c7d2549 (webtiles) character file.

Game seed: 13067532988416042722

28 Irreverend the Ducker (level 3, -4/21 HPs)
             Began as a Vampire Gladiator on June 6, 2023.
             Slain by Sigmund
             ... wielding a +0 scythe
              (7 damage)
             ... on level 2 of the Dungeon.
             The game lasted 00:01:42 (1129 turns).

Irreverend the Ducker (Vampire Gladiator)           Turns: 1129, Time: 00:01:43

Health: -4/21      AC:  4    Str: 13    XL:     3   Next: 0%
Magic:  3/3        EV: 13    Int: 12    God:
Gold:   38         SH:  0    Dex: 15    Spells: 2/2 levels left

rFire   . . .        h - +0 falchion
rCold   + + .        (no shield)
rNeg    + + +        b - +0 leather armour
rPois   ∞            c - +0 helmet
rElec   .            (no cloak)
rCorr   .            (no gloves)
SInv    +            (no boots)
Will    .....        (no amulet)
Stlth   +++          (no ring)
HPRegen 0.00/turn    (no ring)
MPRegen 0.08/turn

%: no passive effects
@: bloodless, inhibited regen
A: bloodless, fangs 3, see invisible, vampiric 2
a: Bat Form, Revivify


You were on level 2 of the Dungeon.
You visited 1 branch of the dungeon, and saw 2 of its levels.

You collected 38 gold pieces.

Inventory:

Hand Weapons
 a - a +0 long sword
 h - a +0 falchion (weapon)
Missiles
 d - 3 throwing nets (quivered)
 e - a javelin
Armour
 b - a +0 leather armour (worn)
 c - a +0 helmet (worn)
Scrolls
 f - a scroll of identify {unknown}
 g - 2 scrolls of fog {unknown}
 i - 3 scrolls of enchant weapon {unknown}
 j - a scroll of enchant armour {unknown}
 k - 3 scrolls of teleportation {unknown}


   Skills:
 + Level 2.1 Fighting
 * Level 3.6 Long Blades
 - Level 1.5 Throwing
 + Level 3.6 Dodging


You had 2 spell levels left.
You didn't know any spells.
Your spell library was empty.

Dungeon Overview and Level Annotations

Branches:
Dungeon (2/15)

Altars:

Annotations:
D:2 Sigmund


Innate Abilities, Weirdness & Mutations

You do not regenerate when monsters are visible.
You are frail without blood (-20% HP).
You can heal yourself when you bite living creatures.
You are immune to poison.
You have razor-sharp teeth.
You have supernaturally acute eyesight. (SInv)
You are afflicted with vampirism and can become a bat while bloodless.


Message History

The kobold attacks as you move away! The kobold closely misses you.
Sigmund says, "I'm your fate." The kobold attacks as you move away!
The kobold hits you but does no damage.
You miss the kobold.
The kobold is moderately wounded.
The kobold misses you.
Sigmund gestures wildly while chanting.
Sigmund flickers and vanishes for a moment.
You slash the kobold!
You kill the kobold!
Sigmund barely misses you.
You have reached level 3!
Your experience leads to an increase in your attributes!
Increase (S)trength, (I)ntelligence, or (D)exterity?
You feel clever. x2
You can now turn into a vampire bat when bloodless.
Sigmund casts a spell at you.
Keep bloodletting? [Y]es or [N]o only, please.
Keep bloodletting?
You are confused.
You begin bloodletting.
You continue bloodletting.
Sigmund barely misses you.
You continue bloodletting. x2
Sigmund hits you but does no damage.
You continue bloodletting.
Sigmund hits you but does no damage.
You continue bloodletting.
You become bloodless.
You bump into the rock wall.
You feel less confused.
Sigmund points at you and mumbles some strange words.
The magic dart hits you. Sigmund hits you with a +0 scythe!
* * * LOW HITPOINT WARNING * * *
You see here a +0 dagger.
You hit Sigmund.
Sigmund is lightly wounded.
Sigmund hits you with a +0 scythe!
You die...

....<# #....# ......#
.....###....# ......# .
##..........# #>....# ..
##...###....# #.....#...
##...# #....# #.........
.#...# #....# #.........
.+)..# #..†.# #.........
.#..####....######.........
.#..............@@.........
##..##############.##.#..$.
#..# #......... #..#
###.....$. #..# #.#....
#... ...... #.## ..... ##
.#


You could see Sigmund (invisible).

Vanquished Creatures
  A worm (D:2)
  2 endoplasms (D:1)
  3 goblins
  3 hobgoblins (D:1)
  3 kobolds
  4 quokkas (D:1)
  2 ball pythons (D:2)
  3 bats (D:1)
  A frilled lizard (D:2)
  2 rats (D:1)
24 creatures vanquished.

Notes
Turn   | Place    | Note
-------+----------+-------------------------------------------
     0 | D:1      | Irreverend the Vampire Gladiator began the quest for the
                  | Orb.
     0 | D:1      | Reached XP level 1. HP: 16/16 MP: 1/1
   343 | D:1      | Reached XP level 2. HP: 21/22 MP: 2/2
  1109 | D:2      | Noticed Sigmund
  1121 | D:2      | Gained mutation: You are afflicted with vampirism and can
                  | become a bat while bloodless. [Vampire growth]
  1121 | D:2      | Reached XP level 3. HP: 16/27 MP: 3/3
  1129 | D:2      | Slain by Sigmund

Illustrated notes

Levels and vault maps discovered:
D:1:      roderic_octagonal_star, layout_loops_corners, minmay_pentomino_o2
D:2:      layout_basic, serial_shops, nicolae_square_shop,
          dreamdust_ecumenical_altar_statues, serial_glass, glass_columns_b,
          glass_columns_a, uniq_sigmund

Skill      XL: |  1 |
---------------+----+-----
Fighting       | 2 |  2.1
Long Blades    | |  3.6
Throwing       | |  1.5
Dodging        | |  3.6

Action                     || total
---------------------------++-------
  Melee: Long sword        ||    21
         Bite              ||     6
         Punch             ||     2
         Falchion          ||    42
Ability: Exsanguinate      ||     1
   Stab: Sleeping          ||     1
 Armour: Leather armour    ||    19
  Dodge: Dodged            ||    41

Table legend: (Time is in decaauts)
 A = Elapsed time spent in this place.
 B = Non-inter-level travel time spent in this place.
 C = Inter-level travel time spent in this place.
 D = Time resting spent in this place.
 E = Time spent auto-exploring this place.
 F = Levels seen in this place.
 G = Mean time per level.
                   A        B        C        D        E       F      G
               +--------+--------+--------+--------+--------+-----+--------+
         Total |   1138 |   1079 |     59 |      0 |    917 |   2 |  569.0 |
       Dungeon |   1138 |   1079 |     59 |      0 |    917 |   2 |  569.0 |
               +--------+--------+--------+--------+--------+-----+--------+

Top non-repeatable levels by time:
     D:1: 936 daAuts
     D:2: 202 daAuts
